 Dungeon Crawl Stone Soup version 0.31.0-11-ge490571c62 (webtiles) character file.

Game seed: 10676411632194103247

247 Ivernyr the Shield-Bearer (level 6, 0/48 HPs)
             Began as a Formicid Fighter on Feb 7, 2024.
             Slain by a gnoll
             ... wielding a +0 flail
              (10 damage)
             ... on level 2 of the Dungeon.
             The game lasted 00:03:02 (1810 turns).

Ivernyr the Shield-Bearer (Formicid Fighter)        Turns: 1810, Time: 00:03:03

Health: 0/48       AC:  7    Str: 22    XL:     6   Next: 33%
Magic:  6/6        EV:  9    Int:  8    God:
Gold:   88         SH:  5    Dex: 13    Spells: 5/5 levels left

rFire   . . .        a - +0 war axe
rCold   . . .        c - +0 buckler
rNeg    . . .        b - +0 scale mail
rPois   .            (helmet unavailable)
rElec   .            (no cloak)
rCorr   .            (no gloves)
SInv    +            (no boots)
Will    .....        (no amulet) Stlth
                     (no ring)
HPRegen 0.28/turn    (no ring)
MPRegen 0.10/turn

%: no passive effects
@: no status effects
A: permanent stasis, dig shafts and tunnels, antennae 3, four strong arms
a: Dig, Shaft Self


You were on level 2 of the Dungeon.
You visited 1 branch of the dungeon, and saw 3 of its levels.

You collected 88 gold pieces.

Inventory:

Hand Weapons
 a - a +0 war axe (weapon)
Missiles
 g - 2 throwing nets
Armour
 b - a +0 scale mail (worn)
 c - a +0 buckler (worn)
Scrolls
 e - 2 scrolls of teleportation {unknown}
 f - 2 scrolls of acquirement {unknown}
 h - 4 scrolls of identify {unknown}
 i - a scroll of butterflies {unknown}
 j - 3 scrolls of vulnerability {unknown}
 m - a scroll of amnesia {unknown}
Potions
 d - a potion of might
 k - a potion of ambrosia {unknown}
 l - a potion of resistance {unknown}
 n - 2 potions of heal wounds {unknown}


   Skills:
 + Level 4.3 Fighting
 + Level 3.2 Axes
 + Level 4.3 Armour
 * Level 6.3 Shields


You had 5 spell levels left.
You didn't know any spells.
Your spell library was empty.

Dungeon Overview and Level Annotations

Branches:
Dungeon (3/15)

Altars:


Innate Abilities, Weirdness & Mutations

You cannot be hasted, slowed, berserked, paralysed or teleported.
You can dig through walls and to a lower floor.
You have a pair of large antennae on your head. (SInv)
Your four strong arms can wield two-handed weapons with a shield.


Message History

The gnoll shouts!
A gnoll comes into view. It is wielding a +0 flail.
A gnoll comes into view. It is wielding a +0 spear.
The gnoll shouts!
The gnoll hits you with a +0 flail. The gnoll barely misses you.
The gnoll closely misses you.
You see here a +0 dagger.
There is a stone staircase leading up here.
You closely miss the gnoll. The gnoll hits you with a +0 flail!
The gnoll hits you with a +0 flail.
You closely miss the gnoll. You block the gnoll's attack.
You hit the gnoll.
The gnoll is lightly wounded.
The gnoll misses you. The gnoll closely misses you.
You barely miss the gnoll.
The gnoll is lightly wounded.
The gnoll hits you with a +0 flail!
You slash the gnoll!
The gnoll is severely wounded.
You closely miss the gnoll.
The gnoll is severely wounded.
The gnoll hits you but does no damage. The gnoll hits you with a +0 flail.
You hit the gnoll.
The gnoll is almost dead.
The gnoll barely misses you.
You hit the gnoll but do no damage.
The gnoll is almost dead.
The gnoll hits you but does no damage.
You slash the gnoll!
You kill the gnoll!
You closely miss the gnoll. The gnoll hits you with a +0 flail!
* * * LOW HITPOINT WARNING * * *
You block the gnoll's attack. x2
You block the gnoll's attack. The gnoll hits you with a +0 flail.
* * * LOW HITPOINT WARNING * * *
You climb upwards.
There is a stone staircase leading down here.
You closely miss the gnoll. The gnoll hits you with a +0 flail!
You die...

...........+.....#..........#.#
........####.....#.###...####.#
.........###.....#.###.#.# #.#
.......#..######....#..#.####.#
.......##....###...[..##....#.#
#######.............#######.#.#
#.).....#..#..^.......#.#
#.......#..#.#######..#.#
##########@...........#.###
##############g......#...##.##.
#......##............#......##.
#......##.####.......#.#.#..)..
#......##.##....######.#.#.###.
#......##.##.##.######.#.#.# #.
#......##.##.##..........#.# #.
#......'..#..#########.#...# ##
#......####.........<#.#.######


You could see a gnoll.

Vanquished Creatures
  Sigmund (D:2)
  A gnoll (D:3)
  3 adders (D:2)
  A dart slug (D:3)
  A ribbon worm (D:2)
  4 orcs (D:3)
  2 bats
  2 endoplasms
  A giant cockroach (D:2)
  2 goblins
  8 hobgoblins
  4 jackals (D:1)
  A quokka (D:2)
  2 ball pythons (D:3)
  5 frilled lizards
  4 kobolds
  A rat (D:2)
43 creatures vanquished.

Notes
Turn   | Place    | Note
-------+----------+-------------------------------------------
     0 | D:1      | Ivernyr the Formicid Fighter began the quest for the Orb.
     0 | D:1      | Reached XP level 1. HP: 18/18 MP: 1/1
   146 | D:1      | Reached XP level 2. HP: 24/24 MP: 2/2
   335 | D:1      | Found a faded altar of an unknown god.
   675 | D:2      | Reached XP level 3. HP: 14/29 MP: 3/3
   796 | D:2      | Noticed Sigmund
   807 | D:2      | Killed Sigmund
   808 | D:2      | Reached skill level 6 in Shields
   808 | D:2      | Reached XP level 4. HP: 14/37 MP: 4/4
   808 | D:2      | Reached XP level 5. HP: 16/42 MP: 5/5
   964 | D:2      | Reached XP level 6. HP: 48/48 MP: 6/6
  1810 | D:2      | Slain by a gnoll

Illustrated notes

Levels and vault maps discovered:
D:1:      matt_arrival_refuge, layout_rooms, serial_forest,
          infiniplex_forest_lined_room_2, infiniplex_forest_lined_room_2,
          infiniplex_forest_straight_3, infiniplex_forest_lined_room_3,
          infiniplex_forest_clump_diagonal, infiniplex_forest_straight_4,
          infiniplex_forest_lined_2, infiniplex_forest_lined_room_2,
          infiniplex_forest_lined_3_way, shapermc_ecumenical_altar_hornbeckon
D:2:      layout_basic, uniq_sigmund
D:3:      layout_basic, minmay_fractal_squares_gapless_5,
          uniq_crazy_yiuf_cottage

Skill      XL: |  1  2  3 |
---------------+----------+-----
Fighting       | 4 |  4.3
Axes           | 3 |  3.2
Armour         | 4 |  4.3
Shields        | 6 |  6.3

Action                     |  1- 3 |  4- 6 || total
---------------------------+-------+-------++-------
  Melee: War axe           |    44 |    64 ||   108
 Armour: Scale mail        |    31 |    43 ||    74
  Dodge: Dodged            |    24 |    24 ||    48
  Block: Buckler           |     8 |    22 ||    30
